 Dungeon Crawl Stone Soup version 0.25-a0-890-g62861fb195 (webtiles) character file.

Game seed: 17603431560737209252, levelgen mode: deterministic

18 mortelune the Shooter (level 2, -2/25 HPs)
             Began as a Centaur Hunter on May 3, 2020.
             Was an Initiate of Okawaru.
             Slain by Sigmund
             ... wielding a cursed -3 scythe
              (8 damage)
             ... on level 2 of the Dungeon.
             The game lasted 00:01:15 (570 turns).

mortelune the Shooter (Centaur Hunter)               Turns: 570, Time: 00:01:15

Health: -2/25      AC:  4    Str: 14    XL:     2   Next: 48%
Magic:  2/2        EV:  9    Int: 10    God:    Okawaru [......]
Gold:   39         SH:  0    Dex:  9    Spells: 1/1 levels left

rFire    . . .     SeeInvis .   b - +4 spear
rCold    . . .     Gourm    .   (no shield)
rNeg     . . .     Faith    .   c - +0 leather armour
rPois    .         Spirit   .   (no helmet)
rElec    .         Reflect  .   (no cloak)
rCorr    .         Harm     .   (no gloves)
MR       .....                  (no barding)
Stlth    ..........             (no amulet)
HPRegen  0.08/turn              (no ring)
MPRegen  0.08/turn              (no ring)

@: confused, very quick
A: large, hooves 3, deformed body, speed 2, tough skin 3
a: Renounce Religion


You were on level 2 of the Dungeon.
You worshipped Okawaru.
Okawaru was noncommittal.
You were not hungry.

You visited 1 branch of the dungeon, and saw 2 of its levels.

You collected 39 gold pieces.

Inventory:

Hand Weapons
 a - a +1 shortbow
 b - a +4 spear (weapon)
 j - a +0 short sword
Missiles
 Q - 11 arrows
Armour
 c - a +0 leather armour (worn)
Scrolls
 h - 2 scrolls of identify {unknown}
Potions
 d - a potion of stabbing {unknown}
 e - a potion of curing {unknown}
 i - a potion of magic {unknown}
Comestibles
 f - 3 rations
 g - 4 chunks of flesh


   Skills:
 + Level 2.6 Fighting
 + Level 0.0 Polearms
 + Level 5.8 Bows
 - Level 1.3 Dodging
 - Level 0.4 Stealth


You had one spell level left.
You didn't know any spells.
Your spell library was empty.

Dungeon Overview and Level Annotations

Branches:
Dungeon (2/15)

Altars:
Okawaru

Annotations:
D:2 Sigmund


Innate Abilities, Weirdness & Mutations

You have hooves in place of feet.
Armour fits poorly on your strangely shaped body.
You cover ground very quickly.
You have extremely tough skin. (AC +3)


Message History

The hobgoblin completely misses you.
You barely miss the hobgoblin. Your kick misses the hobgoblin.
Sigmund casts a spell at you.
You are confused.
The hobgoblin hits you with a +0 club. The hobgoblin hits you with a +0 club.
In your confused state, you trip and fall back down the stairs.
The hobgoblin hits you with a +0 club. The goblin closely misses you.
Sigmund hits you from afar with a cursed -3 scythe.
In your confused state, you trip and fall back down the stairs.
The hobgoblin hits you with a +0 club. The goblin barely misses you.
The hobgoblin hits you with a +0 club.
* * * LOW HITPOINT WARNING * * *
Sigmund casts a spell at you.
You are more confused.
The goblin hits you but does no damage.
In your confused state, you trip and fall back down the stairs.
* * * LOW HITPOINT WARNING * * *
Sigmund hits you from afar with a cursed -3 scythe!
You die...

#........
#.....!.
###......
#...(...#
#.......#
#....@..#
#.......#
#....@..#
#.>.gg..#
#.......#
#.......#
#.......#
#.......#
#.......#
#########


You could see Sigmund, a hobgoblin and a goblin.

Vanquished Creatures
  A dart slug (D:1)
  2 leopard geckos (D:1)
  2 goblins (D:1)
  2 hobgoblins (D:1)
  2 kobolds (D:1)
  4 bats (D:1)
  A frilled lizard (D:1)
14 creatures vanquished.

Notes
Turn   | Place    | Note
-------+----------+-------------------------------------------
     0 | D:1      | mortelune the Centaur Hunter began the quest for the Orb.
     0 | D:1      | Reached XP level 1. HP: 17/17 MP: 1/1
    72 | D:1      | Reached XP level 2. HP: 21/25 MP: 2/2
   358 | D:1      | Found an iron altar of Okawaru.
   367 | D:1      | Became a worshipper of Warmaster Okawaru
   562 | D:2      | Noticed Sigmund
   570 | D:2      | Slain by Sigmund

Levels and vault maps discovered:
D:1:      minmay_arrival_four_houses, layout_rooms, okawaru_ov_weapons_minmay
D:2:      layout_basic, old_standard_altar, first_ration, uniq_sigmund

Action                   || total
-------------------------++-------
Melee: Short sword       ||     1
       Spear             ||     3
 Fire: Shortbow          ||    37
Armor: Leather armour    ||     4
Dodge: Dodged            ||    11

Table legend:
 A = Non-vault XP
 B = Vault XP
 C = Vault XP percentage of total XP
 D = Non-vault monster count
 E = Vault monster count
 F = Vault count percentage of total count
                 A         B        C        D         E       F
            +---------+---------+-------+---------+---------+-------
      Total |      26 |       0 |   0.0 |      14 |       0 |   0.0
            +---------+---------+-------+---------+---------+-------
        D:1 |      26 |       0 |   0.0 |      14 |       0 |   0.0
            +---------+---------+-------+---------+---------+-------
